 Dungeon Crawl Stone Soup version 0.21.0 (webtiles) character file.

25022 bombasticus the Cleaver (level 13, -15/84 HPs)
             Began as a Gargoyle Berserker on Jan 21, 2018.
             Was an Elder of Trog.
             Demolished by an orc knight
             ... wielding a +0 long sword
              (26 damage)
             ... on level 2 of the Orcish Mines.
             The game lasted 00:46:44 (11594 turns).

bombasticus the Cleaver (Gargoyle Berserker)       Turns: 11594, Time: 00:46:45

Health: -15/84     AC: 27    Str: 28    XL:     13   Next: 16%
Magic:  13/13      EV:  9    Int:  9    God:    Trog [****..]
Gold:   1648       SH:  9    Dex: 14    Spells: 12/12 levels left

rFire    . . .     SeeInvis .   f - +5 broad axe (freeze)
rCold    . . .     Gourm    .   M - +0 buckler
rNeg     + . .     Faith    .   x - +0 plate armour
rPois    ∞         Spirit   .   W - +2 hat {MR+}
rElec    +         Reflect  +   (no cloak)
rCorr    .         Harm     .   N - +0 pair of gloves
MR       +++..                  (no boots)
Stlth    ..........             D - +4 amulet of reflection
HPRegen  1.24/turn              b - +3 ring of strength
MPRegen  0.13/turn              Y - +5 ring of dexterity

@: regenerating
A: negative energy resistance 1, electricity resistance, unbreathing,
petrification resistance, rot immunity, AC +9
a: Berserk, Trog's Hand, Brothers in Arms, Burn Spellbooks, Renounce Religion


You were on level 2 of the Orcish Mines.
You worshipped Trog.
Trog was greatly pleased with you.
You were hungry.

You visited 2 branches of the dungeon, and saw 12 of its levels.
You also visited: Bailey.

You collected 1648 gold pieces.

Inventory:

Hand Weapons
 d - a +3 fustibalus of velocity
 f - a +5 broad axe of freezing (weapon)
 s - a +5 war axe of chopping
 H - a +2 dire flail of protection
 R - a +3 long sword
Missiles
 m - 87 sling bullets (quivered)
Armour
 x - a +0 plate armour (worn)
 M - a +0 buckler (worn)
 N - a +0 pair of gloves (worn)
 W - a +2 hat of magic resistance (worn)
Jewellery
 a - an uncursed amulet of the gourmand
 b - a +3 ring of strength (left hand)
 i - an uncursed ring of ice
 y - an uncursed amulet of faith
 D - a +4 amulet of reflection (around neck)
 E - an uncursed amulet of regeneration
 F - an uncursed amulet of magic regeneration {unknown}
 T - an uncursed ring of fire
 Y - a +5 ring of dexterity (right hand)
Wands
 J - a wand of flame (18)
 L - a wand of digging (17)
Scrolls
 j - 7 scrolls of teleportation
 k - a scroll of fear {unknown}
 l - 8 scrolls of remove curse
 o - a scroll of identify
 p - 2 scrolls of fog
 r - a scroll of noise {unknown}
 u - 6 scrolls of blinking
 z - 2 scrolls of enchant weapon {unknown}
 G - a scroll of acquirement {unknown}
 I - a scroll of immolation {unknown}
 X - a scroll of random uselessness {unknown}
 Z - a scroll of magic mapping {unknown}
Potions
 e - 3 potions of lignification
 g - a potion of might {unknown}
 n - a potion of experience {unknown}
 q - a potion of heal wounds
 t - 6 potions of curing
 v - a potion of ambrosia {unknown}
 A - a potion of flight {unknown}
 B - 2 potions of agility
 C - 2 potions of magic
 K - a potion of degeneration {unknown}
 P - a potion of brilliance {unknown}
 Q - a potion of invisibility {unknown}
 V - a potion of resistance {unknown}
Comestibles
 c - 12 rations
 h - 22 chunks of flesh


   Skills:
 + Level 11.0 Fighting
 + Level 5.1 Long Blades
 + Level 13.4 Axes
 + Level 4.8 Slings
 + Level 9.7 Armour
 + Level 2.8 Dodging
 + Level 0.7 Stealth
 + Level 5.6 Shields


You had 12 spell levels left.
You didn't know any spells.

Dungeon Overview and Level Annotations

Branches:
Dungeon (10/15)            Temple (0/1) D:7            Lair (0/6) D:10
    Orc (2/2) D:10            Elf (0/3) Orc:2

Altars:
Gozag
Hepliaklqana
Trog
Wu Jian

Shops:
Orc:1 [


Innate Abilities, Weirdness & Mutations

You are resistant to torment.
Your stone body is resilient. (AC +9)
You are immune to poison.
You resist negative energy. (rN+)
You are resistant to electric shocks. (rElec)
You can survive without breathing.
You are immune to petrification.
You are immune to rotting.


Message History

Unknown command.
You feel the effects of Trog's Hand fading.
You slash the orc knight! You freeze the orc knight.
The orc knight is moderately wounded.
The orc knight hits you with a long sword!!
* * * LOW HITPOINT WARNING * * *
You hit the orc knight. You freeze the orc knight.
The orc knight is moderately wounded.
You are feeling hungry.
The orc knight hits you with a long sword.
* * * LOW HITPOINT WARNING * * *
You hit the orc knight but do no damage.
The orc knight is moderately wounded.
You block the orc knight's attack.
You slice the orc knight!! You freeze the orc knight.
The orc knight is almost dead.
You closely miss the orc knight.
The orc knight is almost dead.
The orc knight hits you with a long sword!!
You die...

.... ####......##.## ###
#..###.#....^......# ##.##
#...#........).)...###...###
..........#...))#...##..##.##
#.#..............).##...#...#
.#....[........)........##.##
#...............))..).......#
.........................#.##
................@)...#..#)..#
.............#..o...#####...#
.............(.......#.#...##
#...........................#
...................#....#...#
#...##.............)........#
##.............))...........#
.............()..........##
............))[..........#


You could see an orc knight.

Vanquished Creatures
  Gastronok (D:8)
  2 orc warlords
  Josephine (Orc:2)
  The ghost of DunwichHorror the Grappler, a journeyman TrSu of Kikubaaqudgha (D:10)
  Erolcha (D:9)
  3 two-headed ogres
  The ghost of OvaltineJones the Basher, a journeyman GrMo of Qazlal (D:9)
  An orc high priest (Orc:2)
  4 orc knights
  3 orc sorcerers
  A deep elf mage (D:9)
  A cyclops (Orc:2)
  Joseph (D:7)
  Psyche (D:9)
  3 trolls (Orc:2)
  Prince Ribbit (D:7)
  A hornet (D:8)
  Grinder (D:3)
  5 hippogriffs
  3 wraiths (Orc:2)
  5 yaks (D:9)
  4 wargs
  Edmund (D:5)
  Menkaure (D:5)
  A hornet zombie (D:10)
  3 phantoms
  21 orc warriors
  A necrophage (D:9)
  3 sky beasts
  A black bear (D:8)
  11 ogres
  3 centaurs
  A big kobold (D:10)
  3 bullfrogs (D:6)
  A water moccasin zombie (D:10)
  A wyvern skeleton (D:9)
  7 scorpions
  3 wights (D:6)
  2 electric eels (D:7)
  5 howler monkeys
  A crimson imp (D:10)
  A centaur zombie (D:5)
  5 hounds
  A gnoll shaman (D:6)
  2 bullfrog zombies
  A centaur skeleton (D:5)
  19 orc priests
  24 orc wizards
  A bullfrog skeleton (D:10)
  4 iguanas
  Terence (D:2)
  8 worker ants
  A hound zombie (D:7)
  2 hound skeletons (D:7)
  2 worker ant zombies
  15 gnolls
  2 howler monkey skeletons
  10 adders
  2 shadow imps (D:5)
  2 oozes
  An adder zombie (D:7)
  An adder skeleton (D:5)
  3 worms
  3 dart slugs
  7 leopard geckos
  86 orcs
  2 ball pythons
  8 giant cockroaches
  21 goblins
  7 hobgoblins
  12 jackals
  5 quokkas
  7 bats
  8 frilled lizards
  31 kobolds
  3 leopard gecko skeletons
  A quokka skeleton (D:6)
  12 rats
  4 plants (D:10)
440 creatures vanquished.

Vanquished Creatures (others)
  An orc priest (D:3)
  An orc (Orc:2)
2 creatures vanquished.

Grand Total: 442 creatures vanquished

Notes
Turn   | Place    | Note
-------+----------+-------------------------------------------
     0 | D:1      | bombasticus the Gargoyle Berserker began the quest for the Orb.
     0 | D:1      | Reached XP level 1. HP: 14/14 MP: 1/1
    76 | D:1      | Reached XP level 2. HP: 19/19 MP: 2/2
   474 | D:1      | Reached XP level 3. HP: 23/24 MP: 3/3
   694 | D:1      | Reached ** piety under Trog
  1016 | D:2      | Reached XP level 4. HP: 29/29 MP: 4/4
  1269 | D:2      | Noticed Terence
  1279 | D:2      | Killed Terence
  1620 | D:2      | Reached skill level 1 in Slings
  1713 | D:2      | Reached *** piety under Trog
  1713 | D:2      | Reached XP level 5. HP: 32/33 MP: 5/5
  2103 | D:3      | Noticed Grinder
  2103 | D:3      | Paralysed by Grinder for 3 turns
  2107 | D:3      | Paralysed by Grinder for 2 turns
  2117 | D:3      | Killed Grinder
  2117 | D:3      | Reached XP level 6. HP: 31/39 MP: 6/6
  2621 | D:4      | Reached skill level 1 in Axes
  2621 | D:4      | Reached XP level 7. HP: 44/44 MP: 7/7
  2727 | D:4      | Reached **** piety under Trog
  2798 | D:4      | Reached skill level 2 in Axes
  2992 | D:4      | Reached skill level 3 in Axes
  3178 | D:5      | Entered Level 5 of the Dungeon
  3207 | D:5      | Reached skill level 5 in Fighting
  3225 | D:5      | Reached XP level 8. HP: 50/50 MP: 8/8
  3322 | D:5      | Noticed Edmund
  3340 | D:5      | Killed Edmund
  3340 | D:5      | Reached skill level 4 in Axes
  3501 | D:5      | Received a gift from Trog
  3944 | D:5      | Reached skill level 5 in Axes
  3991 | D:5      | Found a hazy altar of Hepliaklqana.
  3993 | D:5      | Found an ornate altar of the Wu Jian Council.
  4122 | D:5      | Noticed Menkaure
  4129 | D:5      | Killed Menkaure
  4129 | D:5      | Reached ***** piety under Trog
  4392 | D:6      | Reached skill level 6 in Axes
  4466 | D:6      | Reached XP level 9. HP: 42/55 MP: 9/9
  4470 | D:6      | Received a gift from Trog
  4484 | D:6      | Reached skill level 1 in Shields
  4718 | D:6      | Reached skill level 5 in Armour
  4993 | D:6      | Reached skill level 7 in Axes
  5591 | D:7      | Noticed Prince Ribbit
  5605 | D:7      | Killed Prince Ribbit
  5647 | D:7      | Found a staircase to the Ecumenical Temple.
  5720 | D:7      | Noticed Joseph
  5732 | D:7      | Killed Joseph
  5732 | D:7      | Reached skill level 8 in Axes
  5732 | D:7      | Reached XP level 10. HP: 30/64 MP: 10/10
  6412 | D:8      | Noticed Gastronok
  6428 | D:8      | Killed Gastronok
  6428 | D:8      | Reached skill level 9 in Axes
  6479 | D:8      | Noticed a two-headed ogre
  6491 | D:8      | Killed a two-headed ogre
  6491 | D:8      | Reached skill level 10 in Axes
  6491 | D:8      | Reached XP level 11. HP: 71/71 MP: 11/11
  6545 | D:8      | Found an opulent altar of Gozag.
  7066 | D:9      | Noticed Psyche
  7075 | D:9      | Killed Psyche
  7101 | D:9      | Noticed a two-headed ogre
  7247 | D:9      | Noticed OvaltineJones's ghost (journeyman GrMo)
  7275 | D:9      | Killed OvaltineJones's ghost
  7281 | D:9      | Noticed a two-headed ogre
  7281 | D:9      | Received a gift from Trog
  7292 | D:9      | Killed a two-headed ogre
  7292 | D:9      | Reached skill level 11 in Axes
  7656 | D:9      | Noticed Erolcha
  7663 | D:9      | Killed Erolcha
  7818 | D:9      | Noticed a deep elf mage
  7836 | D:9      | Killed a deep elf mage
  7945 | D:10     | Entered Level 10 of the Dungeon
  8041 | D:10     | Found a staircase to the Lair.
  8086 | D:10     | Killed a two-headed ogre
  8216 | D:10     | Noticed DunwichHorror's ghost (journeyman TrSu)
  8229 | D:10     | Killed DunwichHorror's ghost
  8229 | D:10     | Reached skill level 10 in Fighting
  8229 | D:10     | Reached XP level 12. HP: 77/77 MP: 12/12
  8286 | D:10     | Found a staircase to the Orcish Mines.
  8294 | D:10     | Received a gift from Trog
  8838 | Orc:1    | Entered Level 1 of the Orcish Mines
  8895 | Orc:2    | Entered Level 2 of the Orcish Mines
  8925 | Orc:2    | Reached skill level 12 in Axes
  8943 | Orc:2    | Noticed Josephine
  8957 | Orc:2    | Killed Josephine
  9072 | Orc:1    | Reached ****** piety under Trog
  9076 | Orc:1    | Found a flagged portal.
  9076 | Orc:1    | Noticed an orc warlord
  9087 | Orc:1    | Killed an orc warlord
  9093 | Bailey   | Entered a bailey
  9122 | Bailey   | Received a gift from Trog
  9258 | Bailey   | Noticed an orc warlord
  9446 | Bailey   | Found a runed gate.
  9448 | Bailey   | Found a runed gate.
  9449 | Bailey   | Found a runed gate.
  9569 | Bailey   | Killed an orc warlord
  9730 | Orc:1    | Found Hosif's Armour Shoppe.
  9939 | Orc:1    | Found a bloodstained altar of Trog.
 10445 | Orc:1    | Paralysed by an orc sorcerer for 4 turns
 10452 | Orc:1    | Reached skill level 5 in Long Blades
 10470 | Orc:1    | Reached skill level 5 in Shields
 10470 | Orc:1    | HP: 4/118 [something (2)]
 10950 | Orc:2    | Noticed an orc high priest
 10977 | Orc:2    | Noticed a soul eater
 10982 | Orc:2    | Killed an orc high priest
 10982 | Orc:2    | Reached skill level 13 in Axes
 11000 | Orc:2    | Found a staircase to the Elven Halls.
 11117 | Orc:2    | Reached XP level 13. HP: 79/84 MP: 13/13
 11594 | Orc:2    | Demolished by an orc knight

Skill      XL: |  1  2  3  4  5  6  7  8  9 10 11 12 13 |
---------------+----------------------------------------+-----
Long Blades    | 3 4 5 |  5.1
Fighting       | 4 5 6 7 9 10 11 | 11.0
Dodging        | 2 |  2.8
Slings         | 1 3 4 |  4.8
Axes           | 1 3 6 8 10 11 13 | 13.4
Armour         | 3 4 5 7 8 9 |  9.7
Shields        | 1 2 4 5 |  5.6
Stealth        | |  0.7

Action                   |  1- 3 |  4- 6 |  7- 9 | 10-12 | 13-15 || total
-------------------------+-------+-------+-------+-------+-------++-------
Melee: Falchion          |    85 |    53 |       |       |       ||   138
       Hunting sling     |       |     2 |       |       |       ||     2
       War axe           |       |    30 |   311 |   342 |       ||   683
       Broad axe         |       |       |       |   195 |    81 ||   276
       Long sword        |       |       |       |    17 |       ||    17
 Fire: Hunting sling     |    11 |    67 |       |       |       ||    78
       Fustibalus        |       |       |       |    35 |       ||    35
Invok: Berserk           |     2 |     4 |     3 |    10 |     1 ||    20
       Trog's Hand       |       |     1 |       |     2 |     2 ||     5
       Burn Spellbooks   |       |     1 |       |       |       ||     1
  Use: Scroll            |       |       |     8 |     5 |       ||    13
       Potion            |       |       |       |     1 |       ||     1
  Eat: Chunk             |     2 |     9 |    14 |    21 |     3 ||    49
       Ration            |       |       |       |     2 |       ||     2
Armor: Animal skin       |    30 |     5 |       |       |       ||    35
       Scale mail        |       |    39 |       |       |       ||    39
       Plate armour      |       |    17 |   279 |   368 |    34 ||   698
Dodge: Dodged            |    65 |    54 |   141 |   185 |    17 ||   462
Block: Buckler           |       |       |    25 |   121 |    35 ||   181
       Reflection        |       |       |       |       |     1 ||     1
       Rpst.: Falchion   |    19 |     5 |       |       |       ||    24
       Long sword        |       |       |       |     4 |       ||     4
